Map: Magannatha LE

Players

ManlyManMeat - Winner!

  • Race: Zerg Zerg
  • League: Diamond
  • Spawn Location: 5:00

VOD

Have the link to the VOD?

Description

Time

  • Played on: June 22, 2025, 3:58 p.m.
  • Length: 14:05
Show
View Real Time Build Order
Export as new Build Order

ManlyManMeat Zerg - Winner!

Build Orders:  

Get SALT Encoding   

  12  0:00  Drone  
  13  0:14  Drone  
  14  0:25  Drone, Extractor  
  15  0:30  Overlord  
  15  0:58  Drone  
  16  1:07  Hatchery  
  15  1:11  Drone  
  15  1:17  Drone  
  17  1:22  Drone  
  18  1:38  Extractor  
  17  1:46  Spawning Pool  
  16  1:51  Drone  
  16  1:57  Drone  
  18  2:01  Drone  
  19  2:16  Drone  
  20  2:52  Queen x2  
  20  2:53  Zergling x2  
  20  2:54  Zergling x2  
  26  3:11  Overlord  
  26  3:16  Drone  
  21  3:20  Drone  
  28  3:30  Overlord  
  28  3:52  Hatchery  
  28  3:53  Drone  
  28  3:55  Metabolic Boost  
  28  3:56  Drone  
  28  3:59  Drone  
  30  4:03  Drone  
  30  4:06  Drone  
  32  4:10  Drone  
  33  4:21  Drone x2  
  35  4:41  Queen  
  35  4:46  Drone x3  
  35  4:48  Drone x2  
  42  5:06  Drone  
  43  5:10  Zergling x2  
  43  5:13  Overlord x2  
  44  5:20  Extractor  
  44  5:21  Baneling Nest  
  44  5:25  Overlord  
  44  5:26  Overlord  
  42  5:40  Drone x7  
  42  5:48  Drone  
  50  5:50  Evolution Chamber  
  50  5:51  Evolution Chamber  
  50  5:57  Zergling x4  
  50  6:12  Drone x3  
  50  6:13  Drone  
  54  6:26  Zerg Melee Weapons Level 1  
  54  6:32  Drone x3, Extractor  
  54  6:35  Drone x2  
  54  6:36  Drone x2  
  60  6:47  Queen  
  60  6:48  Lair  
  60  6:49  Queen  
  64  6:56  Baneling x5  
  64  7:04  Drone x2  
  64  7:07  Drone  
  64  7:09  Drone x4  
  71  7:11  Drone  
  72  7:31  Overlord x2  
  72  7:32  Overlord  
  72  7:45  Centrifugal Hooks  
  72  7:54  Zerg Ground Armor Level 1  
  72  7:56  Drone x2  
  72  7:58  Hatchery  
  72  7:59  Hatchery  
  72  8:05  Zergling x14  
  79  8:23  Overlord x3  
  79  8:52  Zergling x2, Hatchery  
  79  8:53  Zergling x24  
  91  9:03  Hatchery  
  90  9:11  Zerg Melee Weapons Level 2  
  90  9:15  Overlord x3  
  90  9:22  Baneling  
  90  9:23  Baneling x9  
  90  9:24  Baneling x3  
  90  10:01  Zergling x32  
  106  10:10  Infestation Pit  
  106  10:15  Zergling x16, Spire  
  106  10:16  Zergling x6  
  114  10:45  Zergling x16  
  114  10:46  Zergling x30  
  134  10:50  Baneling x2  
  134  10:51  Baneling x7  
  134  10:52  Baneling x4  
  134  11:12  Drone x2  
  136  11:22  Baneling x4  
  136  11:23  Baneling x2  
  136  11:24  Zergling x8  
  136  11:25  Zergling x22  
  151  11:50  Extractor x2  
  151  11:52  Extractor  
  151  11:56  Drone x3  
  151  11:58  Drone x3  
  151  11:59  Drone x2  
  73  12:00  Drone  
  153  12:02  Overlord x4  
  153  12:58  Zergling x32  
  153  12:59  Zergling x20  
Tags
 
League
Diamond
Matchup
Co-op
Replay Pack
Myownreplay2
Add a new tag
Caveats
  • Supply blocks, unpowered buildings, or Contaminate may cause inaccurate times.
  • Supply counts are checked every 10 seconds.